 Dungeon Crawl Stone Soup version 0.22-b1-26-g9dbaab1 (webtiles) character file.

190 Lew the Skirmisher (level 5, -1/37 HPs)
             Began as a Demonspawn Fighter on Aug 8, 2018.
             Was an Initiate of Hepliaklqana.
             Slain by a killer bee (2 damage)
             ... on level 4 of the Dungeon.
             The game lasted 00:08:19 (2630 turns).

Lew the Skirmisher (Demonspawn Fighter)             Turns: 2630, Time: 00:08:20

Health: -1/37      AC: 12    Str: 22    XL:     5   Next: 41%
Magic:  5/5        EV:  6    Int:  9    God:    Hepliaklqana [......]
Gold:   137        SH:  9    Dex: 13    Spells: 4/4 levels left

rFire    . . .     SeeInvis .     - Unarmed
rCold    . . .     Gourm    .   g - +0 shield
rNeg     . . .     Faith    .   e - +0 chain mail
rPois    .         Spirit   .   (no helmet)
rElec    .         Reflect  .   a - +0 cloak
rCorr    .         Harm     .   (no gloves)
MR       .....                  (no boots)
Stlth    ..........             (no amulet)
HPRegen  0.12/turn              (no ring)
MPRegen  0.09/turn              (no ring)

@: mighty
A: reduced essence, hooves 1, icy blue scales 1
a: Recall Ancestor, Ancestor Identity, Renounce Religion


You were on level 4 of the Dungeon.
You worshipped Hepliaklqana.
Hepliaklqana was noncommittal.
You were not hungry.

You visited 1 branch of the dungeon, and saw 4 of its levels.

You collected 137 gold pieces.

Inventory:

Armour
 a - a +0 cloak (worn)
 e - a +0 chain mail (worn)
 g - a +0 shield (worn)
Jewellery
 h - an uncursed ring of fire
 i - a +3 ring of intelligence
Potions
 c - a potion of might
Comestibles
 d - 4 rations


   Skills:
 + Level 4.0 Fighting
 - Level 2.9 Armour
 + Level 2.0 Dodging
 - Level 2.6 Shields
 * Level 3.8 Unarmed Combat


You had 4 spell levels left.
You didn't know any spells.
Your spell library was empty.

Dungeon Overview and Level Annotations

Branches:
Dungeon (4/15)
 Temple: D:4-7

Altars:
Ashenzari
Fedhas
Hepliaklqana
Makhleb
Yredelemnul
The Shining One


Innate Abilities, Weirdness & Mutations

You have large cloven feet.
You are partially covered in icy blue scales. (AC +2)
Your life essence is reduced to manifest your ancestor. (-10% HP)


Message History

The killer bee is heavily wounded.
The killer bee stings you but does no damage.
The killer bee barely misses you.
You miss the killer bee. Your kick misses the killer bee.
The killer bee is moderately wounded.
The killer bee barely misses you. The killer bee stings you.
* * * LOW HITPOINT WARNING * * *
The killer bee stings you but does no damage.
You barely miss the killer bee. Your kick misses the killer bee.
The killer bee is moderately wounded.
You block the killer bee's attack.
The killer bee stings you but does no damage.
You closely miss the killer bee.
The killer bee is moderately wounded.
You block the killer bee's attack.
The killer bee stings you but does no damage.
You hit the killer bee. Your kick misses the killer bee.
The killer bee is heavily wounded.
You block the killer bee's attack. The killer bee stings you.
You die...

#........
##........
#.........
#.........
#.........
#.........
#.........
###s.......
#@yy.......
..P...P##########
_P_._#P ..## P#
##


You could see 2 killer bees and a giant cockroach.

Vanquished Creatures
  A killer bee (D:4)
  A centaur zombie (D:2)
  The ghost of Ymberto the Firebug, a weakling DEFE (D:3)
  2 adders
  2 worms
  2 dart slugs
  2 leopard geckos
  An orc (D:3)
  2 giant cockroaches
  9 goblins
  4 hobgoblins
  2 jackals (D:1)
  7 kobolds
  2 quokkas (D:2)
  6 bats
  2 frilled lizards
  5 rats
51 creatures vanquished.

Vanquished Creatures (others)
  An ancestor (D:4)
1 creature vanquished.

Grand Total: 52 creatures vanquished

Notes
Turn   | Place    | Note
-------+----------+-------------------------------------------
     0 | D:1      | Lew the Demonspawn Fighter began the quest for the Orb.
     0 | D:1      | Reached XP level 1. HP: 18/18 MP: 1/1
   209 | D:1      | Gained mutation: You have large cloven feet. [demonic ancestry]
   209 | D:1      | Reached XP level 2. HP: 22/24 MP: 2/2
   800 | D:2      | Gained mutation: You are partially covered in icy blue scales. (AC +2) [demonic ancestry]
   800 | D:2      | Reached XP level 3. HP: 27/29 MP: 3/3
   948 | D:2      | Reached skill level 1 in Dodging
  1212 | D:2      | Reached XP level 4. HP: 35/35 MP: 4/4
  2039 | D:3      | Found a runed gate.
  2039 | D:3      | Found a runed gate.
  2041 | D:3      | Noticed Ymberto's ghost (weakling DEFE)
  2043 | D:3      | Found a runed gate.
  2071 | D:3      | Killed Ymberto's ghost
  2143 | D:3      | Found a hazy altar of Hepliaklqana.
  2168 | D:3      | Found a blossoming altar of Fedhas.
  2199 | D:3      | Found a shattered altar of Ashenzari.
  2244 | D:3      | Reached XP level 5. HP: 34/42 MP: 5/5
  2550 | D:3      | Became a worshipper of Hepliaklqana the Forgotten
  2601 | D:4      | Found a basalt altar of Yredelemnul.
  2601 | D:4      | Found a burning altar of Makhleb.
  2601 | D:4      | Found a glowing golden altar of the Shining One.
  2620 | D:4      | Reached skill level 4 in Fighting
  2627 | D:4      | HP: 1/37 [killer bee (2)]
  2630 | D:4      | Slain by a killer bee

Skill      XL: |  1  2  3  4  5 |
---------------+----------------+-----
Unarmed Combat | 2 3 |  3.8
Dodging        | 1 2 |  2.0
Fighting       | 4 |  4.0
Armour         | |  2.9
Shields        | |  2.6

Action                   |  1- 3 |  4- 6 || total
-------------------------+-------+-------++-------
Melee: Unarmed           |   118 |   101 ||   219
       Whip              |    23 |       ||    23
       Kick              |    26 |    22 ||    48
Invok: Ancestor Identity |       |     1 ||     1
  Use: Scroll            |       |     6 ||     6
       Potion            |       |     6 ||     6
  Eat: Ration            |     1 |     1 ||     2
Armor: Scale mail        |    43 |       ||    43
       Chain mail        |    25 |    82 ||   107
Dodge: Dodged            |    23 |    34 ||    57
Block: Shield            |    57 |    68 ||   125
